cohdb
Replays
Latest Replays
All Replays
Popular Replays
Top Player Replays
Match Explorer
How It Works
Community
CoH3 Stats
Reddit
Sign in to upload your games and track your stats! →
Sign in with Steam
Match 41520772
Unlisted
Match 41520772
Overview
Messages
Build Orders
End
Construct Barracks
Scout Squad
Riflemen Squad
Riflemen Squad
Riflemen Squad
Construct Medical Station
Infantry Support Center
Selects Special Operations Battlegroup
Selects Special Operations Battlegroup
Selects Raiding Flares
Construct Weapon Support Center
M1 Mortar Team
Grenade Package
Construct Motor Pool
Selects SSF Commando Squad
M8 Greyhound Armored Car
M1918 Browning Automatic Rifles
M1 Anti-tank Gun Team
SSF Commando Squad
SSF Commando Squad
Engineer Squad
SSF Commando Squad
Construct Tank Depot
M4A1 Sherman Medium Tank
Fist full of love
سَۨفُـيٰانۨوٰس
0
0
Comments
sign in to comment!
No comments posted yet!